 Dungeon Crawl Stone Soup version 0.26.0-20-g3ca415f5b8 (webtiles) character file.

Game seed: 15908407106844214709

172 Majorwet the Skirmisher (level 5, 0/57 HPs)
             Began as an Ogre Berserker on Jan 25, 2021.
             Was a Believer of Trog.
             Killed from afar by an orc wizard (10 damage)
             ... with a magic dart
             ... on level 3 of the Dungeon.
             The game lasted 00:05:14 (2802 turns).

Majorwet the Skirmisher (Ogre Berserker)            Turns: 2802, Time: 00:05:15

Health: 0/57       AC:  3    Str: 22    XL:     5   Next: 53%
Magic:  5/5        EV: 10    Int:  8    God:    Trog [**....]
Gold:   98         SH:  0    Dex:  8    Spells: 4/4 levels left

rFire    . . .     SeeInvis .   a - +0 hand axe
rCold    . . .     Faith    .   (no shield)
rNeg     . . .     Spirit   .   b - +0 animal skin
rPois    .         Reflect  .   (helmet restricted)
rElec    .         Harm     .   (no cloak)
rCorr    .         Rampage  .   (gloves unavailable)
Will     ++...                  (boots unavailable)
Stlth    +.........             (no amulet)
HPRegen  1.19/turn              (no ring)
MPRegen  0.09/turn              (no ring)

@: regenerating
A: large, unfitting armour, tough skin 1
a: Renounce Religion, Berserk, Trog's Hand


You were on level 3 of the Dungeon.
You worshipped Trog.
Trog was pleased with you.
You visited 1 branch of the dungeon, and saw 3 of its levels.

You collected 98 gold pieces.

Inventory:

Hand Weapons
 a - a +0 hand axe (weapon)
 j - a cursed -1 spear
 k - a +0 great mace
Armour
 b - a +0 animal skin (worn)
Jewellery
 m - an uncursed ring of resist corrosion {unknown}
Scrolls
 c - 6 scrolls of remove curse
 d - 2 scrolls of enchant weapon {unknown}
 g - 2 scrolls of identify {unknown}
 l - a scroll of amnesia {unknown}
 n - a scroll of blinking {unknown}
Potions
 e - a potion of brilliance {unknown}
 f - 3 potions of curing {unknown}
 h - a potion of attraction {unknown}
 i - 2 potions of lignification {unknown}


   Skills:
 + Level 5.1 Fighting
 + Level 4.7 Axes
 + Level 3.5 Dodging
 + Level 0.3 Stealth


You had 4 spell levels left.
You didn't know any spells.
Your spell library was empty.

Dungeon Overview and Level Annotations

Branches:
Dungeon (3/15)

Altars:


Innate Abilities, Weirdness & Mutations

You are too large for most types of armour.
You have tough skin. (AC +1)


Message History

* * * LOW HITPOINT WARNING * * *
Something hits you but does no damage.
You barely miss something. Something hits you but does no damage.
You hear some strange, mumbled words.
A magic dart appears from out of thin air!
The magic dart hits you.
* * * LOW HITPOINT WARNING * * *
You miss something. Something hits you.
* * * LOW HITPOINT WARNING * * *
You hit something.
Something hits you but does no damage. x2
You closely miss something. Something hits you.
* * * LOW HITPOINT WARNING * * *
Something hits you but does no damage.
You barely miss something. Something hits you.
* * * LOW HITPOINT WARNING * * *
You closely miss something.
You hear some strange, mumbled words.
A magic dart appears from out of thin air!
The magic dart hits you!
You die...

#.#..........#...#.##............
....#######..###.#.####..........
... .............#.####..........
.. ########.###.#.........######
. #.# #.#.........# #.#
#.#.........# #.# #.#.........#
..# #.#.........###### ...
#@#.........)).... .#.
#{##........###### #.##........#
#.##........# #.##........#
#.##........# ..########### ..#


There were no monsters in sight!

Vanquished Creatures
  2 orc priests (D:3)
  An orc wizard (D:3)
  An adder (D:3)
  A worm (D:3)
  3 dart slugs
  A leopard gecko (D:2)
  13 orcs (D:3)
  5 giant cockroaches
  7 goblins
  3 hobgoblins
  2 kobolds
  A quokka (D:3)
  4 bats
  3 frilled lizards
  10 rats
57 creatures vanquished.

Notes
Turn   | Place    | Note
-------+----------+-------------------------------------------
     0 | D:1      | Majorwet the Ogre Berserker began the quest for the Orb.
     0 | D:1      | Reached XP level 1. HP: 24/24 MP: 1/1
   236 | D:1      | Reached XP level 2. HP: 32/32 MP: 2/2
   873 | D:1      | Reached XP level 3. HP: 40/40 MP: 3/3
  1341 | D:2      | Reached ** piety under Trog
  1943 | D:3      | Reached XP level 4. HP: 38/49 MP: 4/4
  2151 | D:3      | Reached XP level 5. HP: 55/55 MP: 5/5
  2164 | D:3      | Reached skill level 5 in Fighting
  2802 | D:3      | Killed from afar by an orc wizard

Illustrated notes

Levels and vault maps discovered:
D:1:      dpeg_arrival_ratfight, layout_basic
D:2:      layout_basic
D:3:      layout_basic, minmay_misc_feat_doors,
          nicolae_gozag_cash_rules_everything_around_me

Skill      XL: |  1  2  3  4  5 |
---------------+----------------+-----
Dodging        | 3 |  3.5
Axes           | 4 |  4.7
Fighting       | 5 |  5.1
Stealth        | |  0.3

Action                   |  1- 3 |  4- 6 || total
-------------------------+-------+-------++-------
Melee: Hand axe          |   115 |    73 ||   188
Invok: Trog's Hand       |     1 |     1 ||     2
       Berserk           |       |     1 ||     1
  Use: Scroll            |     1 |       ||     1
Armor: Animal skin       |    48 |    12 ||    60
Dodge: Dodged            |    80 |    27 ||   107
